 Dungeon Crawl Stone Soup version 0.17-a0-227-gf5308cc (webtiles) character file.

47 MrGream the Sneak (level 3, -5/24 HPs)
             Began as an Octopode Assassin on Mar 29, 2015.
             Slain by a gnoll
             ... wielding a +0 spear
              (7 damage)
             ... on level 2 of the Dungeon.
             The game lasted 00:11:51 (1087 turns).

MrGream the Sneak (Octopode Assassin)               Turns: 1087, Time: 00:11:51

Health: -5/24      AC:  1    Str:  8    XL:     3   Next: 70%
Magic:  0/3        EV: 12    Int: 13    God:
Gold:   61         SH:  0    Dex: 14    Spells: 0 memorised, 2 levels left

rFire  + . .     SeeInvis .     v - +0 whip
rCold  x . .     Clarity  .     (no shield)
rNeg   . . .     SustAb   .     (helmet restricted)
rPois  .         Gourm    .     x - amulet of guardian spirit
rElec  .         Spirit   +     s - ring of fire
rCorr  .         Warding  .     k - -2 ring of strength (curse)
rMut   .         Stasis   .     (no ring)
MR     .....                    (no ring)
Stlth  +++++.....               (no ring)
                                (no ring)
                                (no ring)
                                (no ring)

@: not resistant to hostile enchantments, quite stealthy
A: almost no armour, amphibious, 8 rings, constrict 8, camouflage 1, gelatinous
body 1
a: no special abilities


You were on level 2 of the Dungeon.
You were not hungry.

You visited 1 branch of the dungeon, and saw 2 of its levels.

You collected 61 gold pieces.

Inventory:

Hand weapons
 a - a +2 dagger
 b - a +0 blowgun
 c - a +0 hunting sling
 l - a +0 hand axe
 r - a -3 short sword
 v - a +0 whip (weapon)
 w - a +0 club
 y - a +0 club
Missiles
 e - 8 poisoned needles
 f - 2 curare-tipped needles
 h - 77 stones (quivered)
 i - 13 bolts
 n - 2 throwing nets
 q - 16 bolts of flame
Armour
 d - a +0 robe
 m - a +0 leather armour
 o - a +0 robe
 p - a +0 robe
Jewellery
 k - a cursed -2 ring of strength (right tentacle)
 s - a ring of fire (left tentacle)
 x - an amulet of guardian spirit (around mantle)
Scrolls
 u - a scroll of immolation
Potions
 t - a potion of restore abilities
Comestibles
 g - a bread ration
 j - a slice of pizza


   Skills:
 + Level 2.2 Fighting
 + Level 2.0 Short Blades
 + Level 2.2 Throwing
 + Level 1.3 Dodging
 + Level 6.6 Stealth


You had 2 spell levels left.
You didn't know any spells.

Dungeon Overview and Level Annotations

Branches:
Dungeon (2/15)

Altars:


Innate Abilities, Weirdness & Mutations

You cannot wear most types of armour.
You are amphibious.
You can wear up to eight rings at the same time.
You can use your tentacles to constrict many enemies at once.
Your skin changes colour to match your surroundings (Stealth).
Your rubbery body absorbs attacks (AC +1).


Message History

The gnoll hits you but does no damage.
You hit the gnoll. You grab the gnoll.
The gnoll is moderately wounded.
You constrict the gnoll, but do no damage.
The gnoll barely misses you. The gnoll closely misses you.
You hit the gnoll. You squeeze the gnoll.
The gnoll is almost dead.
You constrict the gnoll.
You kill the gnoll!
The gnoll misses you. The gnoll hits you with a spear.
* * * LOW HITPOINT WARNING * * *
You see here a flail.
You closely miss the gnoll. Your grab misses the gnoll.
Your squeeze misses the gnoll. The gnoll barely misses you.
You closely miss the gnoll. You grab the gnoll.
You squeeze the gnoll, but do no damage.
You constrict the gnoll, but do no damage.
The gnoll hits you with a spear!
You die...

.........#.# #.#.
........†#.#### #.#.
..............# #...
..............# #...
..............# #...
.#....##......# #...
.........###### #.#.
########.#########
#.#.
###.............@gg#
#.#.
...........#######.#
# #. ...........# #
#. ...........### .
.#. ...###.......#
#.. .#. #.#
#.......# .. #.#.
##.###.......#
#.###.#.
.........#'###
..##.#. #.....####.#
##### #.##.#.


You could see 2 gnolls.

Vanquished Creatures
  2 gnolls (D:2)
  An adder (D:2)
  A giant mite (D:1)
  A giant cockroach (D:1)
  A goblin (D:2)
  2 hobgoblins (D:1)
  2 bats (D:1)
  2 giant newts
  3 kobolds (D:1)
  2 rats
17 creatures vanquished.

Notes
Turn   | Place    | Note
--------------------------------------------------------------
     0 | D:1      | MrGream, the Octopode Assassin, began the quest for the Orb.
     0 | D:1      | Reached XP level 1. HP: 14/14 MP: 1/1
   488 | D:1      | Reached XP level 2. HP: 17/19 MP: 2/2
   663 | D:1      | Reached skill level 6 in Stealth
   988 | D:2      | Reached XP level 3. HP: 12/24 MP: 0/3
  1087 | D:2      | Slain by a gnoll

Action                   || total
-------------------------++-------
Melee: Dagger            ||    17
       Whip              ||    19
       Short sword       ||     3
  Use: Scroll            ||     3
       Potion            ||     3
